AoeStats
← Tomate

Arena

509805867Analyzed
3v3 RM · 6d ago on Sep 28, 2026· 67m 5s· 6 players
Game mode
Random Map
Map size
Normal (6 player)
Population
200
Speed
Normal
Resources
Standard
Victory
Conquest
Starting age
Dark Age
Ending age
Imperial Age
RankedLock teamsTeams togetherTeam positionsShared explorationLock speedFull tech treeHidden civsTurbo modeCheats
Victory
Defeat
🇪🇨 Danes · Ecuador
898
+17
🇹🇼 Spanish · Taiwan
896
+17
🇵🇪 Lithuanians · Peru
876
+18
🇨🇱 Portuguese · Chile
966
-20
🇨🇱 Magyars · Chile
964
-19
🇨🇱 Chinese · Chile
806
-13
Genghis Mike
1:55 Loom
12:38 Feudal Age
14:25 Man-at-Arms
16:47 Town Watch
17:11 Arson
26:30 Castle Age
26:01 Stone Mining
31:08 Gambesons
34:09 Stone Shaft Mining
33:24 Gold Mining
36:59 Elite Skirmisher
39:12 Caravan
41:50 Squires
42:33 Town Patrol
42:33 Double-Bit Axe
42:29 Horse Collar
47:28 Imperial Age
46:39 Scale Mail Armor
46:49 Forging
50:07 Gold Shaft Mining
50:08 Iron Casting
49:49 Chain Mail Armor
49:35 Padded Archer Armor
49:25 Fletching
49:41 Scale Barding Armor
50:06 Elite Jomsviking
51:40 Conscription
50:47 Capped Ram
51:41 Hamask
53:20 Bow Saw
53:13 Heavy Plow
54:17 Blast Furnace
53:48 Plate Mail Armor
53:48 Light Cavalry
54:39 Bloodlines
54:29 Husbandry
54:53 Bodkin Arrow
55:14 Leather Archer Armor
55:20 Chain Barding Armor
57:33 Wheelbarrow
57:18 Northmen's Fury
58:40 Pikeman
58:41 Elite Varangian Guard
64:37 Halberdier
64:38 Long Swordsman
66:39 Bracer
67:09 Ring Archer Armor
承
7:35 Loom
9:30 Feudal Age
17:12 Castle Age
15:10 Double-Bit Axe
15:27 Horse Collar
17:25 Scale Barding Armor
17:35 Forging
18:57 Bow Saw
21:25 Heavy Plow
26:45 Husbandry
28:12 Bloodlines
27:24 Light Cavalry
31:31 Imperial Age
30:18 Wheelbarrow
29:29 Town Watch
30:08 Chain Barding Armor
30:28 Iron Casting
31:29 Hand Cart
32:34 Town Patrol
33:12 Plate Barding Armor
33:46 Two-Man Saw
34:42 Blast Furnace
33:31 Elite Conquistador
34:53 Scale Mail Armor
34:17 Pikeman
34:58 Squires
35:17 Halberdier
48:47 Hussar
CERBERO
13:13 Feudal Age
12:19 Loom
17:14 Castle Age
18:12 Double-Bit Axe
18:08 Horse Collar
22:07 Wheelbarrow
21:46 Bow Saw
21:37 Heavy Plow
23:49 Hand Cart
23:50 Pikeman
30:55 Fortified Wall
30:26 Treadmill Crane
32:04 Forging
32:00 Scale Barding Armor
35:12 Imperial Age
33:24 Iron Casting
33:09 Chain Barding Armor
32:51 Gold Mining
34:05 Husbandry
34:15 Bloodlines
34:18 Light Cavalry
34:48 Town Watch
35:19 Scale Mail Armor
35:18 Winged Hussar
36:46 Conscription
37:27 Plate Barding Armor
40:09 Chemistry
39:43 Chain Mail Armor
39:49 Stone Mining
40:40 Fletching
40:50 Padded Archer Armor
43:41 Crop Rotation
44:21 Two-Man Saw
47:15 Elite Leitis
48:59 Stone Shaft Mining
55:06 Elite Skirmisher
55:43 Bodkin Arrow
56:03 Leather Archer Armor
57:12 Tower Shields
58:12 Bracer
58:42 Ring Archer Armor
59:36 Ballistics
Tomate
9:46 Loom
11:38 Feudal Age
16:12 Castle Age
14:40 Horse Collar
15:21 Double-Bit Axe
17:53 Scale Barding Armor
18:49 Bow Saw
20:11 Bloodlines
21:13 Heavy Plow
21:33 Light Cavalry
24:03 Wheelbarrow
23:51 Husbandry
26:48 Hand Cart
26:36 Gold Mining
28:36 Gold Shaft Mining
29:16 Corvinian Army
30:03 Fletching
30:30 Stone Mining
33:35 Imperial Age
31:29 Bodkin Arrow
32:12 Thumb Ring
33:34 Chain Barding Armor
35:22 Two-Man Saw
34:57 Crop Rotation
35:06 Parthian Tactics
35:07 Conscription
36:45 Elite Magyar Huszar
38:04 Bracer
38:05 Padded Archer Armor
38:09 Recurve Bow
41:46 Heavy Cavalry Archer
42:28 Elite Skirmisher
44:42 Chemistry
44:03 Ballistics
43:24 Treadmill Crane
49:30 Scale Mail Armor
49:47 Leather Archer Armor
50:07 Plate Barding Armor
51:32 Ring Archer Armor
53:42 Caravan
55:56 Scale Mail Armor
59:37 Pikeman
65:55 Chain Mail Armor
65:43 Arson
nnickk0
10:05 Feudal Age
11:18 Loom
14:11 Castle Age
13:18 Double-Bit Axe
14:42 Horse Collar
18:47 Fervor
21:47 Bow Saw
22:54 Wheelbarrow
22:29 Heavy Plow
22:31 Crossbowman
23:39 Thumb Ring
26:27 Hand Cart
27:31 Elite Skirmisher
34:38 Imperial Age
31:43 Man-at-Arms
34:26 Gold Mining
34:26 Long Swordsman
34:53 Gambesons
36:19 Chemistry
35:25 Siege Engineers
35:48 Two-Handed Swordsman
37:25 Fletching
37:36 Padded Archer Armor
38:02 Ballistics
38:08 Pikeman
39:08 Halberdier
42:10 Bodkin Arrow
42:30 Leather Archer Armor
48:41 Arson
54:29 Bracer
63:11 Capped Ram
zdary
0:33 Loom
11:58 Feudal Age
14:04 Wheelbarrow
13:15 Horse Collar
13:23 Double-Bit Axe
13:32 Gold Mining
13:53 Town Watch
18:10 Stone Mining
25:41 Castle Age
25:27 Padded Archer Armor
25:18 Fletching
26:42 Caravan
26:44 Heavy Plow
26:56 Bow Saw
27:24 Gold Shaft Mining
27:26 Stone Shaft Mining
27:32 Bodkin Arrow
27:52 Leather Archer Armor
28:38 Fervor
28:48 Hand Cart
29:17 Town Patrol
31:22 Thumb Ring
30:37 Elite Skirmisher
32:22 Ballistics
36:30 Imperial Age
38:54 Two-Man Saw
38:27 Ring Archer Armor
37:57 Bracer
39:04 Chemistry
41:48 Conscription
40:48 Elite Chu Ko Nu
42:15 Bracer
44:08 Great Wall
47:06 Heavy Rocket Cart
48:11 Rocketry
57:17 Squires
56:37 Pikeman
57:27 Scale Mail Armor
57:39 Forging
60:38 Halberdier
63:04 Halberdier
67:17 Iron Casting
66:57 Chain Mail Armor
Connection lost

Rejoining the realm…

Still unreachable

The connection could not be restored.

Session expired

The server has moved on; the page needs a fresh start.